 Dungeon Crawl Stone Soup version 0.31.0-1-g2c135a008e (webtiles) character file.

Game seed: 10300157706405849295

2956 qw the Skirmisher (level 10, -3/73 HPs)
             Began as a Djinni Hunter on Jan 24, 2024.
             Was an Elder of Okawaru.
             Slain by a wolf (9 damage)
             ... led by Grum
             ... on level 8 of the Dungeon.
             The game lasted 00:00:29 (6114 turns).

qw the Skirmisher (Djinni Hunter)                   Turns: 6114, Time: 00:00:30

Health: -3/73      AC:  6    Str:  8 (10) XL:     10   Next: 8%
Gold:   341        EV: 15    Int:  8 (10) God:    Okawaru [****..] SH:  0 Dex: 20 (22)

rFire   + + .        a - +1 shortbow (heavy)
rCold   . . .        (shield currently unavailable)
rNeg    . . .        q - +2 leather armour {rC+}
rPois   inf          (helmet restricted)
rElec   .            (no cloak)
rCorr   +            m - +0 pair of gloves
SInv    .            (boots unavailable)
Will    ++...        (no amulet)
Stlth   ++           j - ring of resist corrosion
HPRegen 0.32/turn    e - ring of willpower
MPRegen 0.00/turn

%: infuse magic (-4 HP)
@: about to teleport, flying
A: sickness immunity, fire resistance 2, cold vulnerability 1, float, innate
caster, HP casting, extra vitality 1, antennae 1
a: Renounce Religion, Heroism, Finesse


You were on level 8 of the Dungeon.
You worshipped Okawaru.
Okawaru was greatly pleased with you.
You visited 1 branch of the dungeon, and saw 8 of its levels.

You collected 341 gold pieces.


Innate Abilities, Weirdness & Mutations

You are immune to sickness and miasma.
You are immune to poison.
Your flesh is very heat resistant. (rF++)
You are vulnerable to cold. (rC-)
You float through the air rather than walking.
You learn spells naturally, not from books.
Your magical power is your life essence.
You have superior vitality. (+4 MHP)
You have a pair of small antennae on your head.


   Skills:
 - Level 6.3 Fighting
 + Level 8.6 Ranged Weapons
 - Level 1.6 Armour
 - Level 6.0 Dodging
 - Level 0.7 Stealth
 + Level 4.1 Invocations


You knew the following spells:

 Your Spells              Type           Power      Damage    Failure   Level
a - Foxfire               Conj/Fire      0%         2x1d4     52%         1
b - Searing Ray           Conj           0%         2d4       67%         2
c - Mephitic Cloud        Conj/Alch/Air  0%         N/A       88%         3
d - Summon Ice Beast      Ice/Summ       0%         N/A       88%         3
Your spell library was empty.

Inventory:

Hand Weapons
 a - a +1 heavy shortbow (weapon)
Armour
 f - +0 acid dragon scales
 m - a +0 pair of gloves (worn)
 o - a +2 robe of willpower
 q - a +2 leather armour of cold resistance (worn)
Jewellery
 d - a ring of fire
 e - a ring of willpower (right hand)
 j - a ring of resist corrosion (left hand)
 s - a ring of protection from fire
Wands
 l - a wand of roots (11)
 p - a wand of polymorph (13)
Potions
 b - a potion of cancellation
 c - a potion of curing
 g - 4 potions of haste
 h - a potion of lignification {unknown}
 i - a potion of resistance {unknown}
 k - a potion of berserk rage {unknown}

Dungeon Overview and Level Annotations

Branches:
Dungeon (8/15)             Temple (0/1) D:4
   Lair: D:8-11

Altars:
Gozag
Okawaru
Qazlal
Ru
The Shining One

Annotations:
D:8 Grum


Message History

The wolf completely misses you.
You shoot an arrow. The arrow misses the wolf.
You hear a howl!
The wolf bites you but does no damage. The wolf bites you.
You shoot an arrow. The arrow hits the wolf!
The wolf is almost dead.
The wolf completely misses you. The wolf closely misses you. x2
You shoot an arrow. The arrow hits the wolf!!
You kill the wolf!
Okawaru accepts your kill.
Grum hits you from afar with a +1 spear!!
The wolf bites you.
You feel your strength returning.
You shoot an arrow. The arrow hits the wolf.
The wolf is lightly wounded.
The wolf misses you. Grum completely misses you.
The wolf bites you but does no damage.
Grum hits you from afar with a +1 spear.
The wolf bites you.
You shoot an arrow. The arrow barely misses the wolf.
The wolf misses you.
Grum hits you from afar with a +1 spear!
The wolf bites you. Grum closely misses you.
You shoot an arrow. The arrow hits the wolf.
The wolf is moderately wounded.
The wolf misses you. The wolf bites you.
Grum hits you from afar with a +1 spear!
The wolf barely misses you.
6112 ||| READING scroll of teleportation.
As you read the scroll of teleportation, it crumbles to dust.
You feel strangely unstable. The wolf closely misses you.
Grum closely misses you. The wolf misses you.
6113 ||| DRINKING potion of heal wounds.
You feel much better. The wolf misses you.
Grum hits you from afar with a +1 spear!!
You shoot an arrow. The arrow hits the wolf.
The wolf is moderately wounded.
The wolf closely misses you. The wolf bites you!
You die...

###### ###..g...
#.g.hh.$. #h#{ #@#
#.# # #.# .# #.#
#######.## #.#
#........# #.#
#....(.... #.#
####......... #.#
#............
#.####............


You could see Grum and a wolf.

Vanquished Creatures
  A wyvern (D:7)
  2 acid dragons
  4 water moccasins
  A sky beast (D:7)
  Duvessa (D:4)
  3 black bears
  An ogre (D:6)
  A centaur (D:5)
  A wolf (D:8)
  2 phantoms
  A gnoll sergeant (D:5)
  Blork the orc (D:5)
  A bullfrog (D:7)
  2 scorpions (D:5)
  Dowan (D:4)
  A killer bee (D:5)
  2 vampire bats (D:4)
  A howler monkey (D:6)
  4 bombardier beetles
  A jelly (D:6)
  3 orc priests
  A hound (D:5)
  5 iguanas
  4 orc wizards
  5 gnolls
  15 adders
  A white imp (D:3)
  A dart slug (D:3)
  20 orcs
  3 bat skeletons (D:4)
  3 bat zombies (D:4)
  5 endoplasms
  3 giant cockroaches
  3 goblins
  12 hobgoblins
  5 jackals
  6 kobolds
  6 quokkas
  4 ball pythons
  4 bats
  4 frilled lizards
  9 rats
154 creatures vanquished.

Notes
Turn   | Place    | Note
-------+----------+-------------------------------------------
     0 | D:1      | qw the Djinni Hunter began the quest for the Orb.
     0 | D:1      | Reached XP level 1. HP: 18/18 MP: 0/0
     0 | D:1      | 0 ||| qw: Version: 0.3-a-136-gdd3b4e8
     0 | D:1      | 0 ||| qw: Game counter: 1351
     0 | D:1      | 0 ||| qw: Melee chars always use a shield: true
     0 | D:1      | 0 ||| qw: God list: Okawaru
     0 | D:1      | 0 ||| qw: Allow faded altars: false
     0 | D:1      | 0 ||| qw: Do Orc after clearing Dungeon:15 true
     0 | D:1      | 0 ||| qw: Do second Lair branch before Depths: true
     0 | D:1      | 0 ||| qw: Lair rune preference: random
     0 | D:1      | 0 ||| qw: Goals: Normal
     0 | D:1      | 0 ||| PLANNING D:1-11
   114 | D:1      | Found a faded altar of an unknown god.
   255 | D:1      | Reached XP level 2. HP: 23/23 MP: 0/0
   659 | D:1      | 659 ||| READING scroll labelled SETHRE NUTYMM.
   760 | D:1      | 760 ||| DROPPING scroll of butterflies.
   892 | D:2      | Reached XP level 3. HP: 28/28 MP: 0/0
   892 | D:2      | Learned a level 1 spell: Foxfire
   903 | D:2      | Reached skill level 4 in Ranged Weapons
  1155 | D:2      | Reached skill level 3 in Fighting
  1155 | D:2      | Reached XP level 4. HP: 19/35 MP: 0/0
  1533 | D:2      | 1533 ||| UPGRADING to ring of resist corrosion.
  1534 | D:2      | 1534 ||| READING scroll labelled UHUFOV NOPOPS.
  1534 | D:2      | 1534 ||| IDENTIFYING brown potion
  1535 | D:2      | 1535 ||| READING scroll labelled IRCHOGR HAILL.
  1535 | D:2      | 1535 ||| BRANDING +0 shortbow.
  1536 | D:2      | 1536 ||| DROPPING potion of attraction.
  1592 | D:3      | Found a glowing golden altar of the Shining One.
  1630 | D:3      | Found a sacrificial altar of Ru.
  1778 | D:3      | Identified the +10 trident "Giteiv" {flame, rF+++ rC- rN+
                  | Str-4}
  1808 | D:3      | Reached skill level 3 in Dodging
  1884 | D:3      | Reached XP level 5. HP: 37/40 MP: 0/0
  1884 | D:3      | Learned a level 2 spell: Searing Ray
  2038 | D:3      | Found an iron altar of Okawaru.
  2039 | D:3      | 2039 ||| PLANNING OKAWARU WORSHIP
  2039 | D:3      | 2039 ||| READING 2 scrolls labelled TUPLONYPLU.
  2040 | D:3      | 2040 ||| DROPPING scroll of noise.
  2048 | D:3      | Became a worshipper of Warmaster Okawaru
  2049 | D:3      | 2049 ||| PLANNING D:1-11
  2101 | D:3      | You are sucked into a shaft and drop 3 floors!
  2204 | D:6      | Reached skill level 5 in Ranged Weapons
  2204 | D:6      | Reached XP level 6. HP: 35/46 MP: 0/0
  2266 | D:6      | 2266 ||| UPGRADING to +0 pair of gloves.
  2271 | D:6      | 2271 ||| READING scroll of identify.
  2271 | D:6      | 2271 ||| IDENTIFYING orange potion
  2272 | D:6      | 2272 ||| DRINKING potion of mutation.
  2272 | D:6      | Gained mutation: You have a pair of small antennae on your
                  | head. [potion of mutation]
  2273 | D:6      | 2273 ||| DRINKING 2 pink potions.
  2274 | D:6      | 2274 ||| DRINKING 2 black potions.
  2275 | D:6      | 2275 ||| DROPPING potion of brilliance.
  2286 | D:5      | Entered Level 5 of the Dungeon
  2300 | D:5      | Reached skill level 1 in Armour
  2342 | D:5      | Noticed a water moccasin
  2350 | D:5      | HP: 10/47 [water moccasin (5)]
  2351 | D:5      | 2351 ||| DRINKING potion of heal wounds.
  2369 | D:5      | Killed a water moccasin
  2369 | D:5      | Reached * piety under Okawaru
  2370 | D:5      | Reached XP level 7. HP: 14/52 MP: 0/0
  2370 | D:5      | Learned a level 3 spell: Mephitic Cloud
  2469 | D:5      | Reached skill level 1 in Invocations
  2607 | D:5      | 2607 ||| UPGRADING to +0 ring mail.
  2620 | D:5      | 2620 ||| DROPPING +0 leather armour.
  2853 | D:4      | Noticed a water moccasin
  2854 | D:4      | 2854 ||| INVOKING Heroism.
  2868 | D:4      | Killed a water moccasin
  2869 | D:4      | Reached XP level 8. HP: 48/58 MP: 0/0
  2960 | D:4      | Reached skill level 3 in Invocations
  3006 | D:4      | Noticed Duvessa
  3006 | D:4      | Noticed Dowan
  3012 | D:4      | 3012 ||| RETREEEEATING.
  3018 | D:4      | 3018 ||| INVOKING Heroism.
  3019 | D:4      | 3019 ||| FLEEEEING to unexplored (badform).
  3020 | D:4      | 3020 ||| FLEEEEING to unexplored (badform).
  3021 | D:4      | 3021 ||| FLEEEEING to unexplored (badform).
  3022 | D:4      | 3022 ||| FLEEEEING to unexplored (badform).
  3023 | D:4      | 3023 ||| FLEEEEING to unexplored (badform).
  3024 | D:4      | 3024 ||| FLEEEEING to unexplored (badform).
  3025 | D:4      | 3025 ||| FLEEEEING to unexplored (badform).
  3026 | D:4      | 3026 ||| FLEEEEING to unexplored (badform).
  3027 | D:4      | 3027 ||| FLEEEEING to unexplored (badform).
  3028 | D:4      | 3028 ||| FLEEEEING to unexplored (badform).
  3029 | D:4      | 3029 ||| FLEEEEING to unexplored (badform).
  3030 | D:4      | 3030 ||| FLEEEEING to unexplored (badform).
  3031 | D:4      | 3031 ||| FLEEEEING to unexplored (badform).
  3032 | D:4      | 3032 ||| FLEEEEING to unexplored (badform).
  3033 | D:4      | 3033 ||| FLEEEEING to unexplored (badform).
  3034 | D:4      | 3034 ||| FLEEEEING to unexplored (badform).
  3035 | D:4      | 3035 ||| FLEEEEING to unexplored (badform).
  3036 | D:4      | 3036 ||| FLEEEEING to unexplored (badform).
  3037 | D:4      | 3037 ||| FLEEEEING to unexplored (badform).
  3038 | D:4      | 3038 ||| FLEEEEING to unexplored (badform).
  3039 | D:4      | 3039 ||| FLEEEEING to unexplored (badform).
  3039 | D:4      | Killed Duvessa
  3040 | D:4      | 3040 ||| FLEEEEING to unexplored (badform).
  3041 | D:4      | 3041 ||| FLEEEEING to unexplored (badform).
  3042 | D:4      | 3042 ||| FLEEEEING to unexplored (badform).
  3043 | D:4      | 3043 ||| FLEEEEING to unexplored (badform).
  3044 | D:4      | 3044 ||| FLEEEEING to unexplored (badform).
  3045 | D:4      | 3045 ||| FLEEEEING to unexplored (badform).
  3046 | D:4      | 3046 ||| FLEEEEING to unexplored (badform).
  3047 | D:4      | 3047 ||| INVOKING Heroism.
  3050 | D:4      | Killed Dowan
  3051 | D:4      | Reached skill level 6 in Ranged Weapons
  3154 | D:4      | Found an opulent altar of Gozag.
  3189 | D:4      | 3189 ||| UPGRADING to +2 robe of willpower.
  3199 | D:4      | 3199 ||| DROPPING +0 ring mail.
  3200 | D:4      | 3200 ||| UPGRADING to +2 leather armour of cold resistance.
  3210 | D:4      | 3210 ||| READING scroll of identify.
  3210 | D:4      | 3210 ||| IDENTIFYING murky silvery potion
  3211 | D:4      | 3211 ||| READING scroll labelled NUISKY FI MOTU.
  3217 | D:4      | 3217 ||| FLEEEEING.
  3218 | D:4      | 3218 ||| STAIRDANCE
  3261 | D:3      | Reached ** piety under Okawaru
  3533 | D:4      | Found a stormy altar of Qazlal.
  3843 | D:4      | Found a staircase to the Ecumenical Temple.
  3868 | D:4      | 3868 ||| UPGRADING to ring of willpower.
  3869 | D:4      | 3869 ||| READING 2 scrolls of identify.
  3869 | D:4      | 3869 ||| IDENTIFYING red potion
  3870 | D:4      | 3870 ||| READING scroll of identify.
  3870 | D:4      | 3870 ||| IDENTIFYING white potion
  3871 | D:4      | 3871 ||| DRINKING 2 smoky inky potions.
  3872 | D:4      | 3872 ||| DROPPING potion of magic.
  3990 | D:5      | 3990 ||| FLEEEEING.
  3991 | D:5      | 3991 ||| FLEEEEING.
  4091 | D:5      | 4091 ||| RETREEEEATING.
  4092 | D:5      | 4092 ||| RETREEEEATING.
  4096 | D:5      | 4096 ||| RETREEEEATING.
  4106 | D:5      | Reached skill level 7 in Ranged Weapons
  4106 | D:5      | Reached XP level 9. HP: 52/62 MP: 0/0
  4106 | D:5      | Learned a level 3 spell: Summon Ice Beast
  4108 | D:5      | Reached *** piety under Okawaru
  4315 | D:5      | Reached skill level 6 in Dodging
  4517 | D:5      | Noticed Blork the orc
  4520 | D:5      | 4520 ||| INVOKING Heroism.
  4523 | D:5      | Killed Blork the orc
  4736 | D:5      | 4736 ||| READING 2 scrolls labelled LOYTIOT OKHAEL.
  4737 | D:5      | 4737 ||| READING scroll labelled LUJATY HYETA.
  4738 | D:5      | 4738 ||| DROPPING scroll of fear.
  4739 | D:5      | 4739 ||| DROPPING wand of flame (9).
  4988 | D:6      | 4988 ||| READING scroll of brand weapon.
  4988 | D:6      | 4988 ||| BRANDING +0 shortbow of draining.
  5077 | D:6      | 5077 ||| READING scroll labelled TIDGHA PECEI.
  5129 | D:7      | Reached skill level 8 in Ranged Weapons
  5703 | D:7      | Reached skill level 6 in Fighting
  5888 | D:7      | 5888 ||| READING 2 scrolls labelled XENNAKHL JAPOWK.
  5894 | D:7      | 5894 ||| INVOKING Heroism.
  5917 | D:7      | Reached XP level 10. HP: 73/73 MP: 0/0
  5988 | D:7      | 5988 ||| READING scroll labelled GEIGED HAIWOL.
  5988 | D:7      | 5988 ||| ENCHANTING +0 heavy shortbow.
  5989 | D:7      | 5989 ||| DRINKING 2 inky potions.
  5990 | D:7      | 5990 ||| DROPPING potion of degeneration.
  6024 | D:8      | Reached **** piety under Okawaru
  6104 | D:8      | Noticed Grum
  6105 | D:8      | 6105 ||| RETREEEEATING.
  6111 | D:8      | HP: 7/73 [Grum/+1 spear (12)]
  6112 | D:8      | 6112 ||| READING scroll of teleportation.
  6113 | D:8      | 6113 ||| DRINKING potion of heal wounds.
  6114 | D:8      | Slain by a wolf

Levels and vault maps discovered:
D:1:      wheals_arrival_linesprint, layout_basic, shapermc_ecumenical_altar_gd,
          nicolae_figureground_pulse
D:2:      layout_loops_ring
D:3:      layout_basic, okawaru_altar_gauntlet_db,
          nicolae_ru_the_path_less_chosen, mainiacjoe_overflow_brackets,
          minmay_checkerbox
D:4:      layout_loops_cross, kennysheep_vampire_church, general_overflow_altar,
          nicolae_qazlal_general_emergency, minmay_temple_entry_nine_rooms,
          uniq_duvessa
D:5:      minmay_clustersquares, layout_loops_ring, uniq_blork_the_orc
D:6:      layout_basic
D:7:      layout_layer_cave, chequers_jeans, kennysheep_pointless_box,
          grunt_tough_drop
D:8:      cheibrodos_steamvent, layout_basic, trog_butcher_becter, minivault_26,
          uniq_grum, uniq_erica

Skill      XL: |  1  2  3  4  5  6  7  8  9 |
---------------+----------------------------+-----
Ranged Weapons | 4 5 7 8 |  8.6
Fighting       | 3 4 6 |  6.3
Dodging        | 3 4 5 6 |  6.0
Armour         | 1 |  1.6
Invocations    | 2 4 |  4.1
Stealth        | |  0.7

Action                     |  1- 3 |  4- 6 |  7- 9 | 10-12 || total
---------------------------+-------+-------+-------+-------++-------
  Melee: Unarmed           |       |       |    21 |       ||    21
   Fire: Shortbow          |   103 |   145 |   341 |    12 ||   601
 Invoke: Heroism           |       |       |     5 |       ||     5
    Use: Scroll            |     1 |     4 |     9 |     2 ||    16
         Potion            |       |     4 |     1 |     2 ||     7
 Armour: Leather armour    |    32 |    52 |    86 |    16 ||   186
         Ring mail         |       |       |    56 |       ||    56
         Skin              |       |       |    13 |       ||    13
  Dodge: Dodged            |    47 |    70 |   210 |    16 ||   343

Table legend:
 A = Non-vault XP
 B = Vault XP
 C = Vault XP percentage of total XP
 D = Non-vault monster count
 E = Vault monster count
 F = Vault count percentage of total count
                 A         B        C        D         E       F
            +---------+---------+-------+---------+---------+-------
      Total |    2826 |    1398 |  33.1 |     121 |      33 |  21.4
            +---------+---------+-------+---------+---------+-------
        D:1 |      25 |       0 |   0.0 |      15 |       0 |   0.0
        D:2 |      61 |       0 |   0.0 |      17 |       0 |   0.0
        D:3 |      52 |      42 |  44.7 |      16 |      10 |  38.5
        D:4 |     470 |     334 |  41.5 |      28 |      10 |  26.3
        D:5 |     966 |     699 |  42.0 |      27 |      10 |  27.0
        D:6 |     339 |       0 |   0.0 |       8 |       0 |   0.0
        D:7 |     766 |     212 |  21.7 |       9 |       2 |  18.2
        D:8 |     147 |     111 |  43.0 |       1 |       1 |  50.0
            +---------+---------+-------+---------+---------+-------
